 Dungeon Crawl Stone Soup version 0.22-a0-455-ga0624bf (webtiles) character file.

29247 KristoblXynda the Carver (level 13, 0/157 HPs)
             Began as a Red Draconian Gladiator on June 5, 2018.
             Was a Priest of Ashenzari.
             Slain by a blink frog (11 damage)
             ... on level 2 of the Lair of Beasts.
             The game lasted 00:49:43 (14478 turns).

KristoblXynda the Carver (Red Draconian Gladiator) Turns: 14478, Time: 00:49:44

Health: 0/157      AC: 26    Str: 22    XL:     13   Next: 14%
Magic:  19/19      EV:  2    Int: 13    God:    Ashenzari [***...]
Gold:   357        SH:  6    Dex: 13    Spells: 9/12 levels left

rFire    . . .     SeeInvis +   H - +4 scimitar (curse)
rCold    + . .     Gourm    .   u - +1 buckler {rC+} (curse)
rNeg     + + +     Faith    .   (armour unavailable)
rPois    +         Spirit   .   (helmet currently unavailable)
rElec    .         Reflect  .   (cloak currently unavailable)
rCorr    .         Harm     .   (gloves currently unavailable)
MR       .....     NoTele   +   (boots currently unavailable)
Stlth    ++++......             o - amulet of regeneration (curse)
HPRegen  0.76/turn              x - +5 ring of strength (curse)
MPRegen  0.16/turn              t - +3 ring of evasion

@: tree-form
A: (breathe fire), unfitting armour, AC +8
a: Curse Item, Scrying, Renounce Religion


You were on level 2 of the Lair of Beasts.
You worshipped Ashenzari.
Ashenzari was most pleased with you.
You were very hungry.
You were a tree.
You visited 4 branches of the dungeon, and saw 16 of its levels.
You visited 1 bazaar.
You also visited: Ice Cave.

You collected 1007 gold pieces.
You spent 650 gold pieces at shops.

Inventory:

Hand Weapons
 C - a +3 long sword of slicing
 H - a cursed +4 scimitar (weapon)
Missiles
 c - 4 throwing nets (quivered)
Armour
 b - a +1 hat (melded)
 u - a cursed +1 buckler of cold resistance (worn)
 w - a +0 pair of boots (melded)
 B - a cursed +0 cloak (melded)
Jewellery
 o - a cursed amulet of regeneration (around neck)
 t - a +3 ring of evasion (right branch)
 x - a cursed +5 ring of strength (left branch)
Wands
 q - a wand of disintegration (28)
Scrolls
 j - 3 scrolls of magic mapping
 k - a scroll of immolation
 l - a scroll of enchant armour
 m - 3 scrolls of identify
 n - 2 scrolls of blinking
 z - a scroll of teleportation
 D - 2 scrolls of fog
 E - 2 scrolls of remove curse
 I - a scroll of vulnerability
Potions
 a - a potion of mutation
 f - 3 potions of haste
 g - 4 potions of curing
 h - 5 potions of magic
 r - 3 potions of brilliance
 v - a potion of lignification
 G - 2 potions of agility
 J - a potion of flight {unknown}
Comestibles
 d - 30 rations


   Skills:
 + Level 7.2 Fighting
 + Level 12.5(15.0) Long Blades
 - Level 5.0 Throwing
 - Level 10.0 Dodging
 + Level 9.2 Stealth
 - Level 4.1(5.8) Shields
 + Level 0.1(0.4) Hexes
 + Level 9.2(11.0) Evocations


You had 9 spell levels left.
You knew the following spells:

 Your Spells              Type           Power        Failure   Level  Hunger
a - Tukima's Dance        Hex            #.......     63%         3    ####...

Your spell library contained the following spells:

 Spells                   Type           Power        Failure   Level  Hunger
 Magic Dart               Conj           #...         28%         1    ##.....
 Apportation              Tloc           #.....       28%         1    ##.....
 Conjure Flame            Conj/Fire      #.......     65%         3    ####...
 Slow                     Hex            #.......     38%         2    ###....
 Invisibility             Hex            #.......     100%        6    #######
 Mephitic Cloud           Conj/Pois/Air  #.......     65%         3    ####...
 Blink                    Tloc           N/A          41%         2    ###....
 Call Imp                 Summ           #.......     41%         2    ###....
 Summon Butterflies       Summ           #.......     28%         1    ##.....
 Alistair's Intoxication  Tmut/Pois      #.......     100%        5    ######.
 Lesser Beckoning         Tloc           #.........   65%         3    ####...


Dungeon Overview and Level Annotations

Branches:
Dungeon (12/15)            Temple (1/1) D:7            Lair (2/6) D:10
    Orc (1/2) D:9
  Swamp: Lair:2-4    Shoals: Lair:2-4     Snake: Lair:2-4    Spider: Lair:2-4

Altars:
Ashenzari
Cheibriados
Dithmenos
Elyvilon
Fedhas
Gozag
Hepliaklqana
Kikubaaqudgha
Makhleb
Nemelex Xobeh
Okawaru
Qazlal
Ru
Sif Muna
Trog
Uskayaw
Vehumet
Wu Jian
Xom
Yredelemnul
Zin
The Shining One

Annotations:
D:11 Frances
D:12 exclusion: ice statue


Innate Abilities, Weirdness & Mutations

((You can breathe blasts of fire.))
((Your fiery red scales are hard. (AC +8)))
You cannot fit into any form of body armour.
((Your flesh is heat resistant. (rF+)))
((You are cold-blooded and may be slowed by cold attacks.))


Message History

* * * LOW HITPOINT WARNING * * *
Evoke which item? (* to show all) (? for menu, Esc to quit)
Aiming: Disintegrate
Press: ? - help, Shift-Dir - straight line, f - blink frog
Aim: a blink frog (moderately wounded, chance to defeat MR: 81%)
The blink frog is blasted.
You blow up the blink frog!
The black mamba bites you but does no damage.
The blink frog blinks!
The yak gores you!
* * * LOW HITPOINT WARNING * * *
The black mamba bites you.
* * * LOW HITPOINT WARNING * * *
You are poisoned.
The black mamba poisons you!
Okay, then.
You feel better. The blink frog hits you.
* * * LOW HITPOINT WARNING * * *
The black mamba bites you but does no damage.
The blink frog hits you!
You die...

, .......... , #
......#......# * ,
.###......#.....###
,
,.........#........
#.#............#,
*#............# , ,
*
.P###....##......#*
.......†<.##F...P# ,
, ,
.........P#♣.....##.
, ,
..........SY...F....
, ,
........Y#..........
##P##.((###.........
, # #....#
#.....F#.. , ##YY..
......#.## ,
*.....###.........
,* ...... ..........
.Y.., .........,


You could see a black mamba, 3 yaks and 3 blink frogs.

Vanquished Creatures
  A frost giant (IceCv)
  Josephine (D:10)
  2 hydras
  A tengu warrior (D:11)
  A two-headed ogre (D:12)
  2 death yaks (IceCv)
  Sonja (D:10)
  A manticore (D:11)
  Pikel (D:7)
  2 ugly things (D:11)
  An ice statue (IceCv)
  A black mamba (Lair:1)
  Psyche (D:8)
  A gargoyle (D:11)
  A centaur skeleton (D:11)
  2 ice devils (D:11)
  A freezing wraith (D:12)
  2 trolls
  A merfolk (D:10)
  9 polar bears (IceCv)
  A blink frog (Lair:2)
  7 hippogriffs
  31 yaks
  5 wraiths (D:10)
  2 wyverns (D:11)
  The ghost of KristoblXynda the Slasher, an amateur NaGl (D:3)
  3 hungry ghosts
  A basilisk (Lair:1)
  A steam dragon (D:10)
  A soldier ant (D:12)
  3 water moccasins
  9 orc warriors
  A porcupine (Lair:1)
  4 ice beasts
  4 sky beasts
  4 necrophages (D:8)
  2 phantoms
  2 ogres
  14 wolves (IceCv)
  3 centaurs
  3 crocodiles (Lair:1)
  A big kobold (D:9)
  12 bullfrogs
  19 killer bees
  4 scorpions
  10 wights
  2 centaur zombies
  8 crimson imps
  4 hounds
  A bullfrog zombie (D:8)
  4 jellies
  3 orc priests
  A bullfrog skeleton (D:10)
  16 orc wizards
  8 iguanas
  Terence (D:2)
  7 worker ants
  A killer bee zombie (D:7)
  3 hound zombies
  A hound skeleton (D:5)
  2 worker ant zombies
  Robin (D:3)
  16 adders
  4 oozes
  An adder skeleton (D:9)
  An adder zombie (D:9)
  A worm (D:3)
  4 dart slugs
  7 leopard geckos
  49 orcs
  A ball python (D:1)
  8 bats
  6 giant cockroaches
  15 hobgoblins
  26 jackals
  11 kobolds
  A quokka (D:2)
  6 frilled lizards
  13 goblins
  A leopard gecko skeleton (D:7)
  6 rats
  A bush (D:8)
422 creatures vanquished.

Vanquished Creatures (others)
  5 polar bears (IceCv)
  3 yaks (IceCv)
  A human (D:10)
  A slave (D:7)
  2 wolves (IceCv)
  An orc (D:7)
  3 plants (D:8)
16 creatures vanquished.

Grand Total: 438 creatures vanquished

Notes
Turn   | Place    | Note
-------+----------+-------------------------------------------
     0 | D:1      | KristoblXynda the Draconian Gladiator began the quest for the Orb.
     0 | D:1      | Reached XP level 1. HP: 17/17 MP: 1/1
    87 | D:1      | Reached XP level 2. HP: 20/24 MP: 2/2
   467 | D:1      | Reached XP level 3. HP: 29/29 MP: 3/3
   973 | D:2      | Noticed Terence
   990 | D:2      | Killed Terence
   990 | D:2      | Reached skill level 4 in Long Blades
   990 | D:2      | Reached XP level 4. HP: 26/36 MP: 4/4
  1197 | D:2      | Found a bloodstained altar of Trog.
  1761 | D:3      | Noticed KristoblXynda's ghost (amateur NaGl)
  1975 | D:3      | HP: 1/36 [KristoblXynda's ghost (11)]
  1983 | D:3      | Killed KristoblXynda's ghost
  1983 | D:3      | Reached skill level 5 in Long Blades
  1983 | D:3      | Reached XP level 5. HP: 41/41 MP: 5/5
  2091 | D:3      | Reached XP level 6. HP: 48/48 MP: 6/6
  2148 | D:3      | Noticed Robin
  2180 | D:3      | Killed Robin
  2910 | D:4      | Found an ornate altar of the Wu Jian Council.
  2995 | D:4      | Reached skill level 1 in Shields
  3005 | D:4      | HP: 1/48 [phantom (3)]
  3555 | D:4      | Your scales start taking on a fiery red colour.
  3555 | D:4      | Reached XP level 7. HP: 10/55 MP: 7/7
  3555 | D:4      | Gained mutation: Your flesh is heat resistant. (rF+) [Red Draconian growth]
  3676 | D:4      | Reached skill level 6 in Long Blades
  3759 | D:5      | Entered Level 5 of the Dungeon
  3937 | D:5      | Found an iron altar of Okawaru.
  4674 | D:6      | Reached XP level 8. HP: 54/61 MP: 8/8
  4752 | D:6      | Reached skill level 7 in Long Blades
  4786 | D:6      | Reached skill level 5 in Dodging
  5318 | D:7      | Found a white marble altar of Elyvilon.
  5453 | D:7      | Reached skill level 1 in Stealth
  5453 | D:7      | Reached skill level 1 in Evocations
  5469 | D:7      | Noticed a hippogriff
  5479 | D:7      | Killed a hippogriff
  5479 | D:7      | Reached skill level 5 in Throwing
  5487 | D:7      | Reached skill level 8 in Long Blades
  5597 | D:7      | Noticed a hippogriff
  5603 | D:7      | Killed a hippogriff
  5603 | D:7      | Reached XP level 9. HP: 50/67 MP: 10/10
  5637 | D:7      | Found a hide-covered altar of Uskayaw.
  5747 | D:7      | Noticed Pikel
  5753 | D:7      | Killed Pikel
  5838 | D:7      | Noticed a troll
  5846 | D:7      | Killed a troll
  5846 | D:7      | Reached skill level 9 in Long Blades
  5949 | D:7      | Found a shimmering altar of Xom.
  5956 | D:7      | Found a burning altar of Makhleb.
  6089 | D:7      | Found a staircase to the Ecumenical Temple.
  6104 | Temple   | Entered the Ecumenical Temple
  6111 | Temple   | Became a worshipper of Ashenzari the Shackled
  6576 | D:8      | Noticed Psyche
  6588 | D:8      | Killed Psyche
  6588 | D:8      | Reached XP level 10. HP: 70/73 MP: 11/13
  6826 | D:8      | Found a blossoming altar of Fedhas.
  7537 | D:8      | Reached skill level 10 in Long Blades
  7621 | D:9      | Found a bloodstained altar of Trog.
  7825 | D:9      | Found a stormy altar of Qazlal.
  8035 | D:9      | Reached skill level 5 in Stealth
  8054 | D:9      | Reached skill level 5 in Evocations
  8708 | D:9      | Found a staircase to the Orcish Mines.
  8725 | Orc:1    | Entered Level 1 of the Orcish Mines
  8770 | D:10     | Entered Level 10 of the Dungeon
  8827 | D:10     | Reached * piety under Ashenzari
  9229 | D:10     | Noticed Sonja
  9254 | D:10     | Found an iron altar of Okawaru.
  9262 | D:10     | Reached XP level 11. HP: 83/83 MP: 15/15
  9263 | D:10     | Killed Sonja
  9492 | D:10     | Noticed Josephine
  9587 | D:10     | Killed Josephine
  9587 | D:10     | Reached skill level 11 in Long Blades
  9598 | D:10     | Reached skill level 5 in Fighting
  9814 | D:10     | Found a staircase to the Lair.
 10152 | D:11     | Found a frozen archway.
 10196 | IceCv    | Entered an ice cave
 10914 | IceCv    | Reached XP level 12. HP: 51/94 MP: 17/17
 11010 | IceCv    | Noticed a death yak
 11010 | IceCv    | Noticed a death yak
 11030 | IceCv    | Killed a death yak
 11046 | IceCv    | Killed a death yak
 11328 | IceCv    | Noticed a frost giant
 11366 | IceCv    | Killed a frost giant
 11693 | D:11     | Reached skill level 12 in Long Blades
 11797 | D:11     | Noticed a tengu warrior
 11989 | D:11     | Killed a tengu warrior
 12353 | D:11     | Reached ** piety under Ashenzari
 12764 | D:12     | Found a flickering gateway to a bazaar.
 12801 | Bazaar   | Entered a bazaar
 12821 | Bazaar   | Found Taetecy's Book Shoppe.
 12837 | Bazaar   | Found Vofinugy's General Store.
 12852 | Bazaar   | Found Qenledgha's Jewellery Emporium.
 12867 | Bazaar   | Found Forchol's Weapon Emporium.
 12960 | Bazaar   | Bought a book of Party Tricks for 650 gold pieces
 12964 | Bazaar   | Learned a level 3 spell: Tukima's Dance
 13048 | D:12     | Noticed a two-headed ogre
 13066 | D:12     | Killed a two-headed ogre
 13098 | D:12     | Found an ancient bone altar of Kikubaaqudgha.
 13166 | D:12     | Found a blossoming altar of Fedhas.
 13268 | D:12     | Noticed Frances
 13269 | D:12     | Noticed a two-headed ogre
 13289 | D:12     | Noticed a five-headed hydra
 13513 | Lair:1   | Entered Level 1 of the Lair of Beasts
 13552 | Lair:1   | Reached XP level 13. HP: 67/104 MP: 19/19
 13807 | Lair:1   | Reached *** piety under Ashenzari
 14454 | Lair:2   | Reached skill level 10 in Dodging
 14478 | Lair:2   | Slain by a blink frog

Vault maps used:
D:1:      dpeg_arrival_solitude
D:2:      trog_hazing_becter, uniq_terence
D:3:      first_ration, uniq_robin
D:4:      marbit_many_paths, kennysheep_flooded_box
D:5:      kennysheep_mini
D:7:      lemuel_crystal_altar, nicolae_overflow_crystal_walls,
          grunt_temple_overflow_champion_of_chaos,
          minmay_temple_entry_butterflies, uniq_pikel
D:8:      fedhas_altar_decomposition, uniq_psyche
D:9:      old_standard_altar, lemuel_crystal_altar, david_orc_4
D:10:     lair_entry_dummy, hangedman_stone_soup, okawaru_ov_weapons_minmay,
          uniq_josephine, uniq_sonja
D:11:     portal_ice_cave_demonic_guard, minivault_23, hangedman_corner_corridor
D:12:     serial_shops, bzr_entry_water, hangedman_feature_mirror, minivault_16,
          minivault_1, hive_lemuel, uniq_frances
Temple:   cyrus_circular_temple
Lair:1:   lemuel_fruit_tree, grunt_megastairs_1, lemuel_fruit_fields
Lair:2:   grunt_megastairs_5
Orc:1:    basic_altar, nicolae_orc_stony_grotto, mines2_lemuel
Bazaar:   bazaar_long_row
IceCv:    ice_cave_caverns_03

Skill      XL: |  1  2  3  4  5  6  7  8  9 10 11 12 13 |
---------------+----------------------------------------+-----
Throwing       | 2 3 4 5 |  5.0
Dodging        | 3 4 5 6 7 8 9 10 | 10.0
Long Blades    | 4 5 6 8 9 10 11 12 | 12.5
Shields        | 1 2 4 |  4.1
Stealth        | 1 4 5 7 9 |  9.2
Evocations     | 1 4 5 7 9 |  9.2
Fighting       | 4 5 6 7 |  7.2
Hexes          | |  0.1

Action                   |  1- 3 |  4- 6 |  7- 9 | 10-12 | 13-15 || total
-------------------------+-------+-------+-------+-------+-------++-------
Melee: Long sword        |    78 |   253 |   291 |   390 |       ||  1012
       Tailslap          |    13 |    44 |    59 |   216 |     6 ||   338
       Scimitar          |       |       |       |   564 |    36 ||   600
Invok: Curse Item        |       |       |     1 |     2 |       ||     3
       Scrying           |       |       |       |     1 |       ||     1
 Abil: Breathe Fire      |       |       |    15 |    16 |       ||    31
Evoke: Wand              |       |     3 |       |     9 |     9 ||    21
  Use: Scroll            |       |     8 |     5 |    19 |       ||    32
       Potion            |       |     4 |       |     5 |     2 ||    11
 Stab: Sleeping          |       |     2 |     3 |    11 |     3 ||    19
       Invisible         |       |       |       |     2 |       ||     2
       Distracted        |       |       |       |     3 |       ||     3
  Eat: Chunk             |       |     5 |     8 |    18 |       ||    31
       Ration            |       |     1 |     2 |     3 |       ||     6
Armor: Skin              |    18 |    84 |    61 |   203 |    17 ||   383
Dodge: Dodged            |    79 |   210 |   224 |   691 |    44 ||  1248
Block: Buckler           |       |    18 |    64 |   235 |    13 ||   330
       Rpst.: Long sword |    24 |    56 |    53 |    89 |       ||   222
       Scimitar          |       |       |       |    99 |     7 ||   106

Table legend:
 A = Spawn XP
 B = Non-spawn XP
 C = Spawn XP percentage of total XP
 D = Spawn monster count
 E = Non-spawn monster count
 F = Spawn count percentage of total count
 G = Total turns spent on level
                    A         B        C        D         E        F      G
               +---------+---------+-------+---------+---------+-------+---------
         Total |       0 |   41782 |   0.0 |       0 |     425 |   0.0 | 14478
               +---------+---------+-------+---------+---------+-------+---------
           D:1 |       0 |      60 |   0.0 |       0 |      26 |   0.0 |   879
           D:2 |       0 |      78 |   0.0 |       0 |      23 |   0.0 |   878
           D:3 |       0 |     319 |   0.0 |       0 |      37 |   0.0 |   834
           D:4 |       0 |     379 |   0.0 |       0 |      22 |   0.0 |  1168
           D:5 |       0 |     523 |   0.0 |       0 |      11 |   0.0 |   910
           D:6 |       0 |     814 |   0.0 |       0 |      19 |   0.0 |   625
           D:7 |       0 |    2902 |   0.0 |       0 |      32 |   0.0 |  1210
           D:8 |       0 |    2067 |   0.0 |       0 |      40 |   0.0 |  1067
           D:9 |       0 |    2102 |   0.0 |       0 |      44 |   0.0 |  1135
          D:10 |       0 |    6771 |   0.0 |       0 |      54 |   0.0 |  1256
          D:11 |       0 |    9255 |   0.0 |       0 |      50 |   0.0 |  1421
          D:12 |       0 |    2658 |   0.0 |       0 |      16 |   0.0 |   383
        Lair:1 |       0 |    2614 |   0.0 |       0 |      10 |   0.0 |   934
        Lair:2 |       0 |    1394 |   0.0 |       0 |       3 |   0.0 |    31
         IceCv |       0 |    9846 |   0.0 |       0 |      38 |   0.0 |  1466
               +---------+---------+-------+---------+---------+-------+---------
